 Dungeon Crawl Stone Soup version 0.24-a0-619-gb7544fd (webtiles) character file.

Game seed: 590923165660465477, levelgen mode: deterministic

44 silenth the Slasher (level 3, 0/22 HPs)
             Began as a Tengu Gladiator on Sept 18, 2019.
             Succumbed to an adder's poison
             ... on level 2 of the Dungeon.
             The game lasted 00:01:57 (1352 turns).

silenth the Slasher (Tengu Gladiator)               Turns: 1352, Time: 00:01:57

Health: 0/22       AC:  3    Str: 14    XL:     3   Next: 60%
Magic:  4/4        EV: 13    Int:  8    God:
Gold:   99         SH:  0    Dex: 16    Spells: 2/2 levels left

rFire    . . .     SeeInvis .   a - +0 long sword
rCold    . . .     Gourm    .   (no shield)
rNeg     . . .     Faith    .   b - +0 leather armour
rPois    .         Spirit   .   c - +0 hat
rElec    .         Reflect  .   (no cloak)
rCorr    .         Harm     .   (no gloves)
MR       .....                  (boots unavailable)
Stlth    +.........             (no amulet)
HPRegen  0.07/turn              (no ring)
MPRegen  0.09/turn              (no ring)

@: lethally poisoned (0 -> -2), berserk cooldown, slowed, very slow
A: beak, talons 3
a: no special abilities


You were on level 2 of the Dungeon.
You were not hungry.

You visited 1 branch of the dungeon, and saw 2 of its levels.

You collected 99 gold pieces.

Inventory:

Hand Weapons
 a - a +0 long sword (weapon)
Missiles
 d - 4 throwing nets (quivered)
Armour
 b - a +0 leather armour (worn)
 c - a +0 hat (worn)
Scrolls
 f - a scroll of teleportation {unknown}
 g - a scroll of immolation {unknown}
 h - a scroll of enchant weapon {unknown}
 i - a scroll of amnesia {unknown}
 j - a scroll of remove curse {unknown}
Comestibles
 e - 4 rations


   Skills:
 + Level 2.6 Fighting
 * Level 4.5 Long Blades
 - Level 2.0 Throwing
 - Level 3.2 Dodging


You had 2 spell levels left.
You didn't know any spells.
Your spell library was empty.

Dungeon Overview and Level Annotations

Branches:
Dungeon (2/15)

Altars:

Annotations:
D:2 Sigmund


Innate Abilities, Weirdness & Mutations

You have a beak for a mouth.
You have claws for feet.


Message History

You feel sick.
You see here 13 gold pieces.
You now have 99 gold pieces (gained 13).
* * * LOW HITPOINT WARNING * * *
You feel sick.
* * * LOW HITPOINT WARNING * * *
You feel sick.
You see here a ration.
There is a lethal amount of poison in your body!
There is a lethal amount of poison in your body!
You see here a ration.
e - 4 rations (gained 1)
* * * LOW HITPOINT WARNING * * *
You feel sick.
There is a lethal amount of poison in your body!
There is a lethal amount of poison in your body!
There is a lethal amount of poison in your body!
Unknown command.
Unknown command.
You die...

......†...#.##▒.▒
..............▒.▒▒▒▒▒▒.
.........##.###.......#
.........##.......#..##
.##########...........#
########...#.....#..#
#...................#
..###.<..##.>.....▒..
..............@...▒▒ .
######.######....▒▒ #.
#...▒▒ #. ...▒▒ #.
...▒▒ ## ..... ..#..▒
..##.#.


There were no monsters in sight!

Vanquished Creatures
  An adder (D:2)
  An ooze (D:1)
  A leopard gecko (D:1)
  3 giant cockroaches (D:1)
  8 goblins (D:1)
  3 hobgoblins (D:1)
  2 kobolds (D:1)
  3 bats
  6 frilled lizards
  3 rats
31 creatures vanquished.

Notes
Turn   | Place    | Note
-------+----------+-------------------------------------------
     0 | D:1      | silenth the Tengu Gladiator began the quest for the Orb.
     0 | D:1      | Reached XP level 1. HP: 12/12 MP: 2/2
    56 | D:1      | Reached XP level 2. HP: 11/17 MP: 3/3
   350 | D:1      | Reached skill level 4 in Long Blades
   565 | D:1      | Reached XP level 3. HP: 22/22 MP: 4/4
  1082 | D:2      | Noticed Sigmund
  1346 | D:2      | HP: 2/22 [poisoned by an adder]
  1352 | D:2      | Succumbed to an adder's poison

Levels and vault maps discovered:
D:1:      lemuel_arrival_tunnels, layout_basic
D:2:      layout_rooms, lemuel_coloured_pillars_altar,
          grunt_temple_overflow_diamond, patterned_corridor, uniq_sigmund

Skill      XL: |  1  2 |
---------------+-------+-----
Long Blades    | 4 |  4.5
Fighting       | |  2.6
Throwing       | |  2.0
Dodging        | |  3.2

Action                   || total
-------------------------++-------
Melee: Long sword        ||    44
       Kick              ||    18
       Peck              ||     5
  Use: Potion            ||     1
  Eat: Chunk             ||     1
Armor: Leather armour    ||     5
Dodge: Dodged            ||    31
       Rpst.: Long sword ||     7

Table legend:
 A = Non-vault XP
 B = Vault XP
 C = Vault XP percentage of total XP
 D = Non-vault monster count
 E = Vault monster count
 F = Vault count percentage of total count
                 A         B        C        D         E       F
            +---------+---------+-------+---------+---------+-------
      Total |      63 |       0 |   0.0 |      31 |       0 |   0.0
            +---------+---------+-------+---------+---------+-------
        D:1 |      46 |       0 |   0.0 |      26 |       0 |   0.0
        D:2 |      17 |       0 |   0.0 |       5 |       0 |   0.0
            +---------+---------+-------+---------+---------+-------
